 Dungeon Crawl Stone Soup version 0.27-a0-13-g87abb2d9eb (webtiles) character file.

Game seed: 2647373910099876710

3476 wakim the Ruffian (level 9, 0/88 HPs)
             Began as a Troll Monk on Jan 2, 2021.
             Was a Believer of Makhleb.
             Killed from afar by an electric eel (14 damage)
             ... with a bolt of electricity
             ... on level 10 of the Dungeon.
             The game lasted 00:28:36 (6692 turns).

wakim the Ruffian (Troll Monk)                      Turns: 6692, Time: 00:28:37

Health: 0/88       AC:  7    Str: 24    XL:     9   Next: 79%
Magic:  8/8        EV: 10    Int:  6    God:    Makhleb [**....]
Gold:   447        SH: 17    Dex: 18    Spells: 8/8 levels left

rFire    + . .     SeeInvis .     - Unarmed
rCold    . . .     Faith    .   n - +1 tower shield
rNeg     . . .     Spirit   .   p - +0 robe of Vexation {+Inv}
rPois    .         Reflect  .   (helmet restricted)
rElec    .         Harm     .   w - +0 cloak
rCorr    .         Rampage  .   (gloves unavailable)
Will     .....                  (boots unavailable)
Stlth    ++........             c - amulet of regeneration
HPRegen  1.04/turn              g - +6 ring of dexterity
MPRegen  0.11/turn              (no ring)

@: no status effects
A: large, unfitting armour, claws 3, talons 1, fire resistance 1, regeneration
1, shaggy fur 1, tough skin 3
a: Renounce Religion, Evoke Invisibility, Minor Destruction


You were on level 10 of the Dungeon.
You worshipped Makhleb.
Makhleb was pleased with you.
You visited 2 branches of the dungeon, and saw 10 of its levels.

You collected 447 gold pieces.

Inventory:

Hand Weapons
 l - a +4 dagger
Missiles
 f - 228 stones
 k - 4 large rocks
 x - a throwing net
 y - 15 boomerangs (quivered)
Armour
 n - a +1 tower shield (worn)
 p - the +0 robe of Vexation (worn) {+Inv}
   (You found it on level 7 of the Dungeon)

   It lets you turn invisible.
 w - a +0 cloak (worn)
Jewellery
 c - an amulet of regeneration (around neck)
 g - a +6 ring of dexterity (left claw)
Wands
 m - a wand of disintegration (13)
 u - a wand of polymorph (7)
Scrolls
 a - a scroll of blinking
 b - 5 scrolls of identify
 d - 3 scrolls of fear
 h - 3 scrolls of enchant weapon
 j - a scroll of fog
 r - a scroll of remove curse
 s - a scroll of acquirement {unknown}
Potions
 e - a potion of flight
 i - a potion of ambrosia
 o - a potion of lignification {unknown}
 q - a potion of magic
 t - 3 potions of curing
 v - 3 potions of heal wounds


   Skills:
 + Level 5.0 Fighting
 * Level 6.4 Throwing
 + Level 5.1 Dodging
 - Level 1.0 Stealth
 * Level 4.9 Shields
 * Level 7.8 Unarmed Combat
 + Level 0.0 Invocations


You had 8 spell levels left.
You didn't know any spells.
Your spell library contained the following spells:

 Spells                   Type           Power        Failure   Level
 Animate Skeleton         Necr           0%           99%         1
 Apportation              Tloc           0%           99%         1
 Corona                   Hex            0%           99%         1
 Freeze                   Ice            0%           99%         1
 Summon Small Mammal      Summ           0%           99%         1
 Frozen Ramparts          Ice            0%           100%        3
 Ozocubu's Armour         Ice            0%           100%        3
 Hailstorm                Conj/Ice       0%           100%        4
 Summon Ice Beast         Ice/Summ       0%           100%        4


Dungeon Overview and Level Annotations

Branches:
Dungeon (8/15)             Temple (1/1) D:7            Lair (0/6) D:10

Altars:
Cheibriados
Dithmenos
Elyvilon
Fedhas
Gozag
Hepliaklqana
Kikubaaqudgha
Makhleb
Nemelex Xobeh
Okawaru
Ru
Sif Muna
Uskayaw
Vehumet
Xom
Yredelemnul
The Shining One

Shops:
D:4 (   D:6 =

Annotations:
D:10 Joseph


Innate Abilities, Weirdness & Mutations

You are too large for most types of armour.
You have claws for hands.
Your natural rate of healing is unusually fast.
You are covered in fur. (AC +1)
You have extremely tough skin. (AC +3)
You have sharp toenails.
Your flesh is heat resistant. (rF+)


Message History

You block the sling bullet.
You hear a splash.
Found a potion of flight and a leather armour.
You see here a sling bullet.
The troll bites you! The troll closely misses you.
You block the troll's attack.
Joseph shoots a sling bullet.
You block the sling bullet.
You hear a splash.
An electric eel comes into view.
The troll bites you!
* * * LOW HITPOINT WARNING * * *
The troll claws you.
* * * LOW HITPOINT WARNING * * *
You block the troll's attack.
You see here a sling bullet.
Joseph says, "I've waited for this moment for such a long time."
Joseph shoots a sling bullet.
You block the sling bullet.
The electric eel shoots out a bolt of lightning at you!
The bolt of electricity hits you!
You die...

#. #..........
##...#..........
.....+...[......
!....#..........
..........!.....
..............@..
.)...≈.≈.≈≈.....#
....≈≈.≈@≈≈≈≈....
....≈≈.(h≈≈≈≈≈≈..
...≈≈≈;(Th≈≈≈....
#..≈≈≈≈hh;≈≈.....
#..Y≈≈≈≈h≈≈.≈≈...
..JYY;≈..(.≈≈≈...
...≈≈≈.≈.≈≈≈≈≈≈..
...≈;≈....≈≈≈≈≈≈.
.≈.≈≈.....≈≈≈≈≈≈.


You could see Joseph, 3 yaks, a troll, 2 wolves, 3 hounds, a jelly and 4
electric eels.

Vanquished Creatures
  Harold (D:7)
  Eustachio (D:4)
  An acid dragon (D:6)
  An orc warrior (D:7)
  3 ice beasts
  A sky beast (D:7)
  3 ogres
  A phantom (D:7)
  A centaur (D:6)
  2 bullfrogs (D:6)
  A water moccasin skeleton (D:5)
  4 killer bees (D:7)
  A howler monkey (D:4)
  3 centaur zombies
  5 bullfrog zombies (D:5)
  A centaur skeleton (D:5)
  A jelly (D:6)
  4 bullfrog skeletons
  4 hounds
  2 orc wizards (D:7)
  Jessica (D:2)
  Natasha (thrice) (D:2)
  7 worker ants
  2 killer bee zombies (D:5)
  2 hound zombies (D:5)
  A hound skeleton (D:4)
  A howler monkey zombie (D:5)
  A worker ant zombie (D:5)
  Robin (D:2)
  8 adders
  A howler monkey skeleton (D:7)
  2 white imps (D:6)
  2 ufetubi
  An ooze (D:3)
  3 adder zombies (D:5)
  2 adder skeletons
  2 worms (D:2)
  3 dart slugs
  3 leopard geckos
  11 orcs
  8 bats
  6 giant cockroaches
  16 goblins
  10 hobgoblins
  19 jackals
  11 kobolds
  7 quokkas
  A ball python (D:2)
  A ball python zombie (D:5)
  7 frilled lizards
  A giant cockroach zombie (D:5)
  A goblin zombie (D:6)
  3 hobgoblin zombies (D:6)
  2 jackal skeletons (D:6)
  A jackal zombie (D:5)
  A kobold skeleton (D:6)
  A kobold zombie (D:6)
  A leopard gecko skeleton (D:5)
  2 quokka skeletons (D:5)
  2 quokka zombies
  7 rats
206 creatures vanquished.

Vanquished Creatures (others)
  22 plants (D:3)
  A withered plant (D:5)
23 creatures vanquished.

Grand Total: 229 creatures vanquished

Notes
Turn   | Place    | Note
-------+----------+-------------------------------------------
     0 | D:1      | wakim the Troll Monk began the quest for the Orb.
     0 | D:1      | Reached XP level 1. HP: 22/22 MP: 0/0
   405 | D:1      | Reached XP level 2. HP: 29/29 MP: 1/1
   826 | D:2      | Noticed Natasha
   838 | D:1      | Reached XP level 3. HP: 34/36 MP: 2/2
   902 | D:2      | Killed Natasha
   903 | D:2      | Reached skill level 1 in Throwing
   984 | D:1      | Reached XP level 4. HP: 44/44 MP: 3/3
  1141 | D:2      | Noticed Robin
  1150 | D:2      | Killed Robin
  1271 | D:2      | Noticed Jessica
  1274 | D:2      | Killed Jessica
  1275 | D:2      | Reached XP level 5. HP: 37/53 MP: 4/4
  1310 | D:2      | Noticed Natasha
  1380 | D:2      | Killed Natasha
  1381 | D:2      | Reached skill level 4 in Unarmed Combat
  1409 | D:2      | Noticed Natasha
  1414 | D:2      | Killed Natasha
  1415 | D:2      | Reached skill level 1 in Shields
  1579 | D:2      | Found a faded altar of an unknown god.
  2250 | D:3      | Found a basalt altar of Yredelemnul.
  2427 | D:3      | Reached XP level 6. HP: 50/61 MP: 5/5
  2722 | D:4      | Noticed Eustachio
  2863 | D:4      | Killed Eustachio
  3192 | D:4      | Found Zikecut's Antique Weapon Boutique.
  3816 | D:4      | Gained mutation: You have sharp toenails. [potion of
                  | mutation]
  3816 | D:4      | Gained mutation: Your flesh is heat resistant. (rF+)
                  | [potion of mutation]
  3913 | D:5      | Entered Level 5 of the Dungeon
  3925 | D:5      | Reached XP level 7. HP: 61/67 MP: 6/6
  3944 | D:5      | Reached skill level 5 in Unarmed Combat
  4172 | D:5      | Found a shimmering altar of Xom.
  4392 | D:5      | Found a shimmering blue altar of Sif Muna.
  4453 | D:5      | Reached XP level 8. HP: 60/78 MP: 7/7
  4912 | D:6      | Found a white marble altar of Elyvilon.
  4950 | D:6      | Reached skill level 6 in Unarmed Combat
  5025 | D:6      | Reached skill level 5 in Throwing
  5101 | D:6      | Found a glowing golden altar of the Shining One.
  5203 | D:6      | Found Wiagazic's Jewellery Boutique.
  5472 | D:6      | Found an iron altar of Okawaru.
  5598 | D:7      | Noticed Harold
  5620 | D:7      | Killed Harold
  5621 | D:7      | Reached skill level 7 in Unarmed Combat
  5621 | D:7      | Reached XP level 9. HP: 85/85 MP: 8/8
  5836 | D:7      | Reached skill level 5 in Dodging
  5881 | D:7      | Reached skill level 5 in Fighting
  6006 | D:7      | Found a shimmering altar of Xom.
  6096 | D:7      | Got an opalescent robe
  6107 | D:7      | Identified the +0 robe of Vexation {+Inv} (You found it on
                  | level 7 of the Dungeon)
  6151 | D:7      | Found a staircase to the Ecumenical Temple.
  6157 | Temple   | Entered the Ecumenical Temple
  6318 | Temple   | Became a worshipper of Makhleb the Destroyer
  6318 | Temple   | Reached * piety under Makhleb
  6318 | Temple   | Reached ** piety under Makhleb
  6686 | D:8      | You fall into a shaft and drop 2 floors!
  6686 | D:10     | Entered Level 10 of the Dungeon
  6686 | D:10     | Found a staircase to the Lair.
  6686 | D:10     | Noticed a troll
  6687 | D:10     | Noticed Joseph
  6692 | D:10     | Killed from afar by an electric eel

Illustrated notes

Levels and vault maps discovered:
D:1:      denvon_arrival_planthouse, layout_loops_corners
D:2:      layout_loops_ring, chequers_ecumenical_altar_grove, uniq_natasha,
          uniq_jessica, uniq_robin
D:3:      layout_rooms, old_standard_altar, serial_bayou, serial_bayou_shore_a,
          serial_bayou_lake_a, serial_bayou_lagoon_b, serial_bayou_pond_c
D:4:      layout_basic, serial_shops, shop, minmay_increasing_density,
          uniq_eustachio
D:5:      layout_loops_cross, kennysheep_little_box, serial_undead,
          serial_undead_f, serial_undead_d, serial_undead_a, serial_undead_a,
          serial_undead_e, serial_undead_f, serial_undead_f, serial_undead_a,
          serial_undead_a, serial_undead_c, tgw_xom
D:6:      layout_basic, kennysheep_mini_moat, elyvilon_altar_3, serial_shops,
          nicolae_shop_statue_plus, nicolae_tso_besieged_by_evil
D:7:      layout_loops_ring, lemuel_doored_altar, minmay_temple_entry_trees,
          minmay_a_box_with_orc_wizards_in_it, uniq_harold
D:8:      layout_rooms, lemuel_round_altar, enter_ossuary_3
D:10:     layout_gridville, erik_lair_island, basic_altar, uniq_erica,
          uniq_joseph
Temple:   minmay_temple_forest_path

Skill      XL: |  1  2  3  4  5  6  7  8  9 |
---------------+----------------------------+-----
Throwing       | 1 2 3 4 5 6 |  6.4
Dodging        | 3 4 5 |  5.1
Fighting       | 3 4 5 |  5.0
Unarmed Combat | 4 5 7 |  7.8
Shields        | 1 2 4 |  4.9
Stealth        | |  1.0

Action                   |  1- 3 |  4- 6 |  7- 9 || total
-------------------------+-------+-------+-------++-------
Melee: Unarmed           |    69 |   237 |   254 ||   560
       Punch             |       |     1 |       ||     1
       Kick              |       |     1 |   100 ||   101
Throw: Stone             |     1 |     3 |       ||     4
       Large rock        |       |    18 |       ||    18
       Boomerang         |       |       |    69 ||    69
  Use: Scroll            |       |     8 |     5 ||    13
       Potion            |       |     8 |     1 ||     9
 Stab: Sleeping          |     1 |     4 |     2 ||     7
       Distracted        |       |       |     1 ||     1
Armor: Robe              |    41 |   121 |    53 ||   215
Dodge: Dodged            |    58 |    76 |    63 ||   197
Block: Tower shield      |       |   170 |   252 ||   422

Table legend: (Time is in decaauts)
 A = Elapsed time spent in this place.
 B = Non-inter-level travel time spent in this place.
 C = Inter-level travel time spent in this place.
 D = Time resting spent in this place.
 E = Time spent auto-exploring this place.
 F = Levels seen in this place.
 G = Mean time per level.
                   A        B        C        D        E       F      G
               +--------+--------+--------+--------+--------+-----+--------+
         Total |   6856 |   6394 |    462 |    144 |   4163 |  10 |  685.6 |
       Dungeon |   6619 |   6210 |    409 |    144 |   3986 |   9 |  735.4 |
        Temple |    236 |    183 |     53 |      0 |    177 |   1 |  236.0 |
               +--------+--------+--------+--------+--------+-----+--------+

Top non-repeatable levels by time:
     D:4: 1237 daAuts
     D:2: 1051 daAuts
     D:1: 942 daAuts
     D:5: 868 daAuts
     D:7: 844 daAuts
     D:3: 824 daAuts
     D:6: 814 daAuts
  Temple: 236 daAuts
     D:8: 29 daAuts
    D:10: 7 daAuts
